 Dungeon Crawl Stone Soup version 0.30.1-4-g462c640d31 (webtiles) character file.

Game seed: 1787436492311612780

22905 booth the Cleaver (level 12, -12/113 HPs)
             Began as a Yellow Draconian Monk on Aug 16, 2023.
             Was a High Priest of Okawaru.
             Mangled by a death yak (17 damage)
             ... on level 2 of the Lair of Beasts on Aug 17, 2023.
             The game lasted 01:22:33 (13938 turns).

booth the Cleaver (Yellow Draconian Monk)          Turns: 13938, Time: 01:22:34

Health: -12/113    AC: 14    Str: 19    XL:     12   Next: 67%
Magic:  0/21       EV: 21    Int: 11    God:    Okawaru [*****.]
Gold:   463        SH:  0    Dex: 13    Spells: 14/24 levels left

rFire   . . .        P - +1 battleaxe (flame)
rCold   . . .        (shield currently unavailable)
rNeg    + . .        (body armour unavailable)
rPois   .            (helmet restricted)
rElec   .            v - +2 cloak
rCorr   +            (no gloves)
SInv    .            s - +2 pair of boots
Will    .....        i - amulet of guardian spirit
Stlth   +            j - ring of positive energy
HPRegen 0.38/turn    q - +5 ring of evasion
MPRegen 0.17/turn

%: guardian spirit
@: studying 2 skills
A: spit acid, AC +8, unfitting armour, cold-blooded, acid resistance
a: Breathe Acid, Renounce Religion, Heroism, Finesse, Duel


You were on level 2 of the Lair of Beasts.
You worshipped Okawaru.
Okawaru was extremely pleased with you.
You visited 3 branches of the dungeon, and saw 16 of its levels.

You collected 961 gold pieces.
You spent 498 gold pieces at shops.

Inventory:

Hand Weapons
 e - the +10 battleaxe "Xuxtepiu" {freeze, Will+ Str-2 Dex+4}
   (Okawaru gifted it to you on level 10 of the Dungeon)

   Str:       It affects your strength (-2).
   Dex:       It affects your dexterity (+4).
   Will:      It increases your willpower.
 u - a +5 flail of chaos
 w - a +3 war axe of flaming
 L - a +6 broad axe of electrocution
 P - a +1 battleaxe of flaming (weapon)
Missiles
 n - 20 poisoned darts (quivered)
 o - 3 javelins
 A - 2 boomerangs
 M - 2 boomerangs of dispersal
Armour
 c - an orb of light
 s - a +2 pair of boots (worn)
 v - a +2 cloak (worn)
 C - the +0 pair of gloves "Wuoptu Qinei" {MP-9 Dex+5 SInv Stlth+}
   (You bought it in a shop on level 9 of the Dungeon)

   Dex:       It affects your dexterity (+5).
   MP:        It affects your magic capacity (-9).
   SInv:      It lets you see invisible.
   Stlth:     It makes you more stealthy.
Jewellery
 i - an amulet of guardian spirit (around neck)
 j - a ring of positive energy (left hand)
 l - an amulet of the acrobat
 q - a +5 ring of evasion (right hand)
 x - a ring of flight
 y - a ring of magical power
 J - a +4 ring of protection
Wands
 z - a wand of iceblast (2)
 B - a wand of polymorph (4)
Scrolls
 d - 8 scrolls of teleportation
 g - 2 scrolls of poison
 k - a scroll of blinking
 r - 2 scrolls of amnesia
 t - 3 scrolls of fear
 K - 3 scrolls of identify
 N - 2 scrolls of fog
Potions
 b - 5 potions of ambrosia
 f - 4 potions of attraction
 h - 2 potions of lignification
 m - 6 potions of curing
 p - 2 potions of flight
 D - 2 potions of haste
 F - a potion of mutation
 H - 2 potions of resistance
 I - a potion of might
 O - a potion of brilliance
Miscellaneous
 a - a lightning rod (4/4)
 G - a phial of floods


   Skills:
 + Level 12.9 Fighting
 * Level 13.4(14.1) Axes
 + Level 7.2(11.2) Maces & Flails
 + Level 9.0 Dodging
 + Level 6.5 Spellcasting
 + Level 5.8 Translocations
 + Level 3.2 Invocations


You had 14 spell levels left.
You knew the following spells:

 Your Spells              Type           Power      Damage    Failure   Level
a - Blink                 Tloc           32%        N/A       2%          2
b - Lesser Beckoning      Tloc           32%        N/A       2%          2
c - Gell's Gravitas       Tloc           16%        N/A       4%          3
d - Teleport Other        Tloc           16%        N/A       4%          3

Your spell library contained the following spells:

 Spells                   Type           Power      Damage    Failure   Level
 Portal Projectile        Hex/Tloc       20%        N/A       17%         3
 Manifold Assault         Tloc           16%        N/A       17%         4
 Ensorcelled Hibernation  Hex/Ice        6%         N/A       28%         2
 Inner Flame              Hex/Fire       3%         N/A       50%         3
 Spider Form              Tmut/Pois      3%         N/A       50%         3
 Anguish                  Hex/Necr       1%         N/A       88%         4
 Cause Fear               Hex            1%         N/A       88%         4
 Leda's Liquefaction      Hex/Erth       1%         N/A       88%         4
 Dispersal                Tloc           8%         N/A       95%         6
 Borgnjor's Vile Clutch   Necr/Erth      1%         N/A       99%         5
 Yara's Violent Unravell  Hex/Tmut       1%         3d3       99%         5
 Dragon Form              Tmut           1%         N/A       100%        7
 Enfeeble                 Hex            1%         N/A       100%        7
 Storm Form               Tmut/Air       1%         N/A       100%        7
 Disjunction              Tloc           8%         N/A       100%        8
 Call Canine Familiar     Summ           Unusable   N/A       N/A         3
 Animate Dead             Necr           Unusable   N/A       N/A         4
 Death Channel            Necr           Unusable   N/A       N/A         6
 Dragon's Call            Summ           Unusable   N/A       N/A         9

Dungeon Overview and Level Annotations

Branches:
Dungeon (13/15)            Temple (1/1) D:4            Lair (2/5) D:9
 Shoals (0/4) Lair:2       Spider (0/4) Lair:2          Orc (0/2) D:12
 Vaults: D:13-14

Altars:
Ashenzari
Cheibriados
Dithmenos
Elyvilon
Fedhas
Gozag
Hepliaklqana
Kikubaaqudgha
Makhleb
Nemelex Xobeh
Okawaru
Qazlal
Ru
Sif Muna
Trog
Uskayaw
Vehumet
Wu Jian
Xom
Yredelemnul
Zin
The Shining One
Lugonu

Shops:
D:9 *   D:10 !


Innate Abilities, Weirdness & Mutations

You can spit globs of acid.
Your golden yellow scales are hard. (AC +8)
You cannot fit into any form of body armour.
You are cold-blooded and may be slowed by cold attacks.
You are resistant to acid. (rCorr)


Message History

The death yak is almost dead.
The death yak completely misses you.
You hit the death yak but do no damage.
You tail-slap the death yak, but do no damage.
The death yak is almost dead.
The death yak closely misses you.
You slash the death yak! You burn the death yak.
You kill the death yak!
Okawaru is honoured by your kill.
You start resting.
A death yak is nearby!
You slash the death yak! You burn the death yak.
You tail-slap the death yak, but do no damage.
The death yak is lightly wounded.
The death yak gores you!!
* * * LOW HITPOINT WARNING * * *
You slice the death yak!! You burn the death yak!
The death yak is severely wounded.
The death yak gores you!
* * * LOW HITPOINT WARNING * * *
You barely miss the death yak.
The death yak is heavily wounded.
The death yak gores you!!
* * * LOW HITPOINT WARNING * * *
Okay, then.
Blink to where?
Press: ? - help, Dir - move target
As you read the scroll of blinking, it crumbles to dust.
The death yak attacks as you move away!
The death yak gores you but does no damage.
The death yak attacks as you move away! The death yak completely misses you.
The death yak attacks as you move away! The death yak barely misses you.
The death yak attacks as you move away! The death yak closely misses you.
The death yak attacks as you move away!
The death yak gores you but does no damage.
The death yak attacks as you move away! The death yak gores you!
* * * LOW HITPOINT WARNING * * *
A bullfrog comes into view.
The death yak gores you!!
You die...

†...#...#.#.#.....#..........##
#........#.#..^.##.....#.##..P#
##†..##...#.....##..........Y##
#### ##.###..###............#
#...##.###.............#
#.÷.#..................#
###...................>#
####.>..Y...............
#P...@........##.$+...
#.............P.....#..
..................... ..
P#..#..........###.. ..
###.##............... . ##
..........#FP..# .
#............. ##.....#.....


You could see a death yak.

Vanquished Creatures
  A hydra (Lair:2)
  2 two-headed ogres
  3 death yaks (Lair:2)
  A cyclops (D:12)
  2 manticores
  5 elephants (Lair:1)
  A black mamba (Lair:2)
  Joseph (D:8)
  5 cane toads
  A kobold demonologist (D:12)
  A rime drake (Lair:2)
  2 komodo dragons
  3 trolls
  A slime creature (D:12)
  2 culicivoras (Lair:2)
  A snapping turtle (Lair:2)
  A vampire (D:9)
  A shadow (D:11)
  A basilisk (D:8)
  28 yaks
  4 wyverns
  Grum (D:10)
  2 steam dragons (D:7)
  8 vampire mosquitoes
  Edmund (D:4)
  3 water moccasins
  2 acid dragons
  2 black bears
  2 sky beasts
  4 orc warriors
  5 ice beasts
  2 wolves (D:10)
  3 ogres
  7 centaurs
  A phantom (D:4)
  A kobold brigand (D:7)
  4 bullfrogs
  12 wights
  4 scorpions
  11 killer bees
  2 electric eels (Lair:2)
  4 howler monkeys
  2 hounds
  2 iguanas
  6 orc priests
  2 gnoll boudas
  3 jellies
  A sleepcap (D:4)
  9 orc wizards
  12 gnolls
  8 adders
  A shadow imp (D:6)
  A white imp (D:6)
  2 ufetubi (D:4)
  3 worms
  3 dart slugs
  32 orcs
  7 ball pythons
  10 endoplasms
  5 goblins
  7 hobgoblins
  2 jackals (D:5)
  2 quokkas (D:1)
  5 bats
  7 frilled lizards
  9 kobolds
  8 rats
297 creatures vanquished.

Notes
Turn   | Place    | Note
-------+----------+-------------------------------------------
     0 | D:1      | booth the Draconian Monk began the quest for the Orb.
     0 | D:1      | Reached XP level 1. HP: 19/19 MP: 1/1
   196 | D:1      | Reached XP level 2. HP: 26/26 MP: 2/2
   304 | D:1      | Found a faded altar of an unknown god.
   459 | D:1      | Reached XP level 3. HP: 19/33 MP: 3/3
  1363 | D:2      | Reached skill level 4 in Axes
  1540 | D:2      | Reached XP level 4. HP: 38/40 MP: 4/4
  2479 | D:4      | Found a staircase to the Ecumenical Temple.
  2502 | Temple   | Entered the Ecumenical Temple
  2572 | Temple   | Became a worshipper of Warmaster Okawaru
  2572 | Temple   | Reached * piety under Okawaru
  2572 | Temple   | Reached ** piety under Okawaru
  2828 | D:4      | Found a basalt altar of Yredelemnul.
  2884 | D:4      | Found an ornate altar of the Wu Jian Council.
  2897 | D:4      | Reached XP level 5. HP: 44/46 MP: 5/5
  3069 | D:4      | Found a blossoming altar of Fedhas.
  3086 | D:4      | Noticed Edmund
  3104 | D:4      | Killed Edmund
  3105 | D:4      | Reached skill level 5 in Axes
  3105 | D:4      | Reached XP level 6. HP: 34/53 MP: 3/6
  3110 | D:4      | Found a faded altar of an unknown god.
  3110 | D:4      | Found a hazy altar of Hepliaklqana.
  3396 | D:4      | Found a glowing golden altar of the Shining One.
  3533 | D:5      | Entered Level 5 of the Dungeon
  3792 | D:5      | Reached skill level 5 in Fighting
  3887 | D:5      | Noticed an ice beast
  3902 | D:5      | Killed an ice beast
  3903 | D:5      | Reached skill level 6 in Axes
  3903 | D:5      | Your scales start taking on a golden yellow colour.
  3903 | D:5      | Reached XP level 7. HP: 61/61 MP: 4/7
  3903 | D:5      | Gained mutation: You are resistant to acid. (rCorr) [Yellow
                  | Draconian growth]
  4390 | D:5      | Reached skill level 7 in Axes
  4913 | D:5      | Reached skill level 5 in Dodging
  4913 | D:5      | Reached XP level 8. HP: 45/70 MP: 8/8
  5177 | D:6      | Found a sacrificial altar of Ru.
  5191 | D:6      | Found a stormy altar of Qazlal.
  5316 | D:6      | Reached skill level 8 in Axes
  5338 | D:6      | Reached *** piety under Okawaru
  5493 | D:6      | Found a burning altar of Makhleb.
  5493 | D:6      | Noticed a cacodemon
  5497 | D:6      | Noticed a hellwing
  5497 | D:6      | Noticed an orange demon
  5560 | D:6      | Reached XP level 9. HP: 66/79 MP: 9/9
  5775 | D:7      | Reached skill level 9 in Axes
  5778 | D:7      | Reached skill level 1 in Spellcasting
  6156 | D:7      | Noticed a two-headed ogre
  6166 | D:7      | Killed a two-headed ogre
  6166 | D:7      | Reached **** piety under Okawaru
  6167 | D:7      | Reached skill level 10 in Axes
  6417 | D:7      | Reached XP level 10. HP: 70/90 MP: 12/14
  6822 | D:8      | Found a shadowy altar of Dithmenos.
  6924 | D:8      | Reached skill level 1 in Translocations
  6944 | D:8      | Reached ***** piety under Okawaru
  7306 | D:8      | Noticed Joseph
  7323 | D:8      | Killed Joseph
  7575 | D:8      | Found a glowing silver altar of Zin.
  7601 | D:8      | Found an ancient bone altar of Kikubaaqudgha.
  7695 | D:9      | Found a staircase to the Lair.
  7719 | D:9      | Found an opulent altar of Gozag.
  7771 | D:9      | Noticed a two-headed ogre
  7786 | D:9      | Killed a two-headed ogre
  7787 | D:9      | Reached skill level 10 in Fighting
  7787 | D:9      | Reached skill level 11 in Axes
  7871 | D:9      | Found Rercha Deext's Assorted Antiques.
  7911 | D:9      | Bought a pair of faintly humming gloves for 256 gold pieces
  7911 | D:9      | Identified the +0 pair of gloves "Wuoptu Qinei" {MP-9 Dex+5
                  | SInv Stlth+} (You bought it in a shop on level 9 of the
                  | Dungeon)
  7911 | D:9      | Bought a potion of curing for 81 gold pieces
  7911 | D:9      | Bought a potion of curing for 81 gold pieces
  8047 | D:9      | Learned a level 2 spell: Blink
  8050 | D:9      | Learned a level 2 spell: Lesser Beckoning
  8387 | D:9      | Found a snail-covered altar of Cheibriados.
  8602 | D:9      | Found a shimmering altar of Xom.
  8602 | D:9      | Found a sparkling altar of Nemelex Xobeh.
  8659 | D:9      | Identified a scroll of acquirement
  8659 | D:9      | Acquired a manual of Maces & Flails
  8691 | D:10     | Entered Level 10 of the Dungeon
  8777 | D:10     | Identified the +10 battleaxe "Xuxtepiu" {freeze, Will+
                  | Str-2 Dex+4} (Okawaru gifted it to you on level 10 of the
                  | Dungeon)
  8777 | D:10     | Received a gift from Okawaru
  8778 | D:10     | Reached skill level 1 in Maces & Flails
  8778 | D:10     | Reached XP level 11. HP: 96/101 MP: 16/18
  8780 | D:10     | Noticed Grum
  8787 | D:10     | Killed Grum
  9227 | D:10     | Reached skill level 5 in Spellcasting
  9579 | D:10     | Reached skill level 12 in Axes
  9861 | D:10     | Found Ewod's Distillery.
  9875 | D:10     | Bought a potion of heal wounds for 80 gold pieces
 11194 | D:12     | Received a gift from Okawaru
 11210 | D:12     | Reached skill level 5 in Maces & Flails
 11581 | D:12     | Found a staircase to the Orcish Mines.
 11874 | D:12     | Learned a level 3 spell: Gell's Gravitas
 11878 | D:12     | Learned a level 3 spell: Teleport Other
 12027 | Lair:1   | Entered Level 1 of the Lair of Beasts
 12060 | Lair:1   | Reached XP level 12. HP: 106/112 MP: 18/20
 12146 | Lair:1   | Reached skill level 5 in Translocations
 12146 | Lair:1   | Reached skill level 1 in Invocations
 12152 | Lair:1   | Received a gift from Okawaru
 12664 | Lair:1   | Reached skill level 13 in Axes
 13163 | Lair:2   | Noticed an eight-headed hydra
 13177 | Lair:2   | Killed a three-headed hydra
 13177 | Lair:2   | Received a gift from Okawaru
 13491 | Lair:2   | Found a hole to the Spider Nest.
 13695 | Lair:2   | Found a staircase to the Shoals.
 13851 | Lair:2   | Noticed a death yak
 13851 | Lair:2   | Noticed a death yak
 13851 | Lair:2   | Noticed a death yak
 13852 | Lair:2   | Noticed a death yak
 13878 | Lair:2   | Killed a death yak
 13888 | Lair:2   | Killed a death yak
 13895 | Lair:2   | Killed a death yak
 13915 | Lair:2   | HP: 3/113 [death yak (16)]
 13936 | Lair:2   | HP: 4/113 [death yak (7)]
 13938 | Lair:2   | Mangled by a death yak

Illustrated notes

Levels and vault maps discovered:
D:1:      tekkud_arrival_beachfront_property, layout_rooms,
          shapermc_ecumenical_altar_venn
D:2:      layout_basic, minivault_24, serial_bayou_pond_a, minmay_tripent
D:3:      layout_loops_cross
D:4:      layout_loops_corners, beargit_hepliaklqana_dungeon_heroes, tso_altar,
          mainiacjoe_overflow_tiny_flanked, nicolae_wu_jian_immortal_techniques,
          lemuel_crystal_altar, minmay_temple_entry_glass
D:5:      layout_basic
D:6:      layout_rooms, mainiacjoe_overflow_big_doors, makhleb_altar_promises_db
D:7:      layout_rooms, minmay_manual_mandibuliform
D:8:      layout_loops_cross, mainiacjoe_overflow_swirl, lemuel_crystal_altar,
          uniq_joseph
D:9:      layout_basic, mainiacjoe_overflow_paths, nicolae_gozag_seed_capital,
          gammafunk_temple_overflow_statue, serial_shops,
          nicolae_shop_hallway_stairs
D:10:     hellmonk_destroyed_diamonds, layout_loops_ring, serial_shops,
          nicolae_shop_industrial_runoff, uniq_grum
D:11:     layout_roguey
D:12:     layout_roguey, minmay_orc_entry_temple_small, st_stairs_14
D:13:     layout_basic, lightli_vaults_fourway_checkpoint, uniq_frances
Temple:   corrupted_temple
Lair:1:   layout_misc_corridors, nicolae_volcano_entry_hallway,
          lemuel_fruit_tree
Lair:2:   layout_chaotic_city, minmay_shoals_entry_hut,
          hellmonk_spider_entry_life_and_decay, serial_bayou_shore_a

Skill      XL: |  1  2  3  4  5  6  7  8  9 10 11 12 |
---------------+-------------------------------------+-----
Dodging        | 3 4 5 6 7 8 9 |  9.0
Axes           | 4 5 6 7 8 10 11 12 13 | 13.4
Fighting       | 4 5 6 7 8 10 12 | 12.9
Spellcasting   | 3 4 5 6 |  6.5
Translocations | 3 4 5 |  5.8
Maces & Flails | 1 5 7 |  7.2
Invocations    | 3 |  3.2

Action                     |  1- 3 |  4- 6 |  7- 9 | 10-12 || total
---------------------------+-------+-------+-------+-------++-------
  Melee: Hand axe          |   116 |   106 |   204 |    92 ||   518
         Tailslap          |    10 |    13 |    41 |   122 ||   186
         War axe           |       |       |       |   412 ||   412
         Battleaxe         |       |       |       |    64 ||    64
  Throw: Dart              |       |     2 |    12 |     3 ||    17
         Javelin           |       |       |       |     3 ||     3
 Invoke: Heroism           |       |     3 |     8 |     6 ||    17
Ability: Breathe Acid      |       |       |     3 |     5 ||     8
  Evoke: Lightning rod     |       |       |       |     1 ||     1
    Use: Scroll            |     1 |     9 |     8 |    14 ||    32
         Potion            |     1 |     2 |     1 |     2 ||     6
 Armour: Skin              |    17 |    14 |    37 |    92 ||   160
  Dodge: Dodged            |    76 |    85 |   215 |   516 ||   892
